 Dungeon Crawl Stone Soup version 0.32-a0-953-g508020473e (webtiles) character file.

Game seed: 16359750367062204599

79 HilariousDeathArtist the Trooper (level 4, 0/41 HPs)
             Began as a Mountain Dwarf Gladiator on Apr 16, 2024.
             Slain by a gnoll
             ... wielding a +0 halberd
              (5 damage)
             ... on level 3 of the Dungeon.
             The game lasted 00:01:57 (2005 turns).

HilariousDeathArtist the Trooper (MDGl)             Turns: 2005, Time: 00:01:57

Health: 0/41       AC: 10    Str: 19    XL:     4   Next: 16%
Magic:  4/4        EV:  7    Int:  8    God:
Gold:   75         SH:  0    Dex: 11    Spells: 3/3 levels left

rFire   . . .        a - +1 quarterstaff
rCold   . . .        (shield currently unavailable)
rNeg    . . .        h - +0 chain mail
rPois   .            c - +0 helmet
rElec   .            (no cloak)
rCorr   .            (no gloves)
SInv    .            f - +0 pair of boots
Will    .....        p - amulet of magic regeneration Stlth
                     (no ring)
HPRegen 0.26/turn    (no ring)
MPRegen 0.49/turn

%: no passive effects
@: no status effects
A: runic magic, artefact enchanting
a: no special abilities


You were on level 3 of the Dungeon.
You visited 1 branch of the dungeon, and saw 3 of its levels.

You collected 75 gold pieces.

Inventory:

Hand Weapons
 a - a +1 quarterstaff (weapon)
Missiles
 d - 3 throwing nets {!d}
 e - a javelin
 s - 15 stones
Armour
 c - a +0 helmet (worn)
 f - a +0 pair of boots (worn)
   (You found it on level 1 of the Dungeon)
 h - a +0 chain mail (worn)
   (You took it off Terence on level 2 of the Dungeon)
Jewellery
 p - an amulet of magic regeneration (around neck)
   (You found it on level 2 of the Dungeon)
Scrolls
 j - a scroll of immolation {unknown}
 m - a scroll of blinking {unknown}
 Y - a scroll of teleportation {@r3}
Potions
 g - a potion of degeneration {unknown}
 i - a potion of lignification {unknown}
 k - a potion of cancellation {unknown}
 o - a potion of brilliance {unknown}


   Skills:
 + Level 4.9 Fighting
 - Level 3.2 Staves
 - Level 1.5 Throwing
 - Level 2.1 Dodging


You had 3 spell levels left.
You didn't know any spells.
Your spell library was empty.

Dungeon Overview and Level Annotations

Branches:
Dungeon (3/15)

Altars:

Shops:
D:1 [


Innate Abilities, Weirdness & Mutations

Your spellcasting is much less encumbered by armour.
You can use scrolls of enchantment on lesser artefacts.


Message History

The ball python constricts you.
You hit the ball python.
The ball python bites you but does no damage.
The ball python constricts you. The ribbon worm bites you.
You take 5 damage, and have 34/41 hp.
You escape the ball python's grasp.
The ribbon worm attacks as it pursues you!
The ribbon worm barely misses you.
The ribbon worm expels a string of sticky webbing.
The stream of webbing hits you but does no damage.
You are caught in a web!
There is a web here.
The ball python bites you but does no damage.
Unknown command.
The web tears apart.
The ball python bites you but does no damage.
The ball python completely misses you.
You hit the ball python.
You kill the ball python!
You hit the ball python.
You kill the ball python!
You barely miss the ribbon worm.
The ribbon worm bites you but does no damage.
You barely miss the ribbon worm. The ribbon worm bites you.
You take 3 damage, and have 33/41 hp.
You thump the ribbon worm!
The ribbon worm expels a string of sticky webbing.
The stream of webbing hits you but does no damage.
You are caught in a web!
The web tears apart.
The ribbon worm bites you but does no damage.
You hit the ribbon worm.
The ribbon worm bites you but does no damage.
You hit the ribbon worm. The ribbon worm completely misses you.
You sock the ribbon worm!
You kill the ribbon worm!
Unknown command.
You see here a ball python corpse.
s - 15 stones (gained 1)
You see here a +0 dagger.
b - a scroll labelled ICLAVA ZOIGU Health restored: 41 You start putting on your amulet.
You continue putting on your amulet of magic regeneration. x5
You finish putting on your amulet of magic regeneration.
p - an amulet of magic regeneration (around neck)
The amulet throbs as it attunes itself to your body.
j - a scroll labelled MEQAAT DUMEYSH
Found a stone staircase leading up and a stone staircase leading down.
A gnoll comes into view. It is wielding a +0 whip.
The gnoll shouts!
You hear a shout! x2
A gnoll comes into view. It is wielding a +0 flail.
The gnoll throws a stone.
The stone hits you but does no damage.
A gnoll comes into view. It is wielding a +0 whip.
The gnoll shouts!
A gnoll comes into view. It is wielding a +0 halberd.
The gnoll shouts!
You hear a shout!
You closely miss the gnoll. The gnoll barely misses you.
A hobgoblin comes into view.
You sock the gnoll! The gnoll hits you with a +0 whip.
You take 1 damage, and have 40/41 hp.
You hit the gnoll. The gnoll hits you but does no damage.
The gnoll hits you with a +0 whip.
You take 1 damage, and have 39/41 hp.
You hit the gnoll but do no damage.
The gnoll hits you from afar with a +0 halberd.
The gnoll completely misses you. x2; The gnoll hits you but does no damage. x2
The gnoll hits you with a +0 whip. The gnoll hits you with a +0 flail!
The gnoll hits you from afar with a +0 halberd.
You take 17 damage, and have 22/41 hp.
MASSIVE DAMAGE!!
A giant cockroach comes into view.
The gnoll attacks as it pursues you! The gnoll hits you with a +0 flail.
You take 6 damage, and have 16/41 hp.
The giant cockroach bites you but does no damage.
Okay, then.
As you read the scroll labelled ICLAVA ZOIGU, it crumbles to dust.
It is a scroll of enchant weapon.
Your +0 quarterstaff glows red for a moment.
The giant cockroach bites you.
You take 2 damage, and have 16/41 hp.
The giant cockroach attacks as it pursues you!
The giant cockroach bites you but does no damage.
The giant cockroach attacks as it pursues you!
The giant cockroach misses you. The gnoll attacks as it pursues you!
The gnoll hits you but does no damage. The gnoll hits you with a +0 halberd.
* * * LOW HITPOINT WARNING * * *
The giant cockroach bites you but does no damage.
You take 5 damage, and have 12/41 hp.
The giant cockroach attacks as it pursues you!
The giant cockroach barely misses you.
The gnoll hits you from afar with a +0 halberd!
* * * LOW HITPOINT WARNING * * *
You take 8 damage, and have 4/41 hp.
The giant cockroach attacks as it pursues you!
The giant cockroach bites you but does no damage.
The gnoll attacks as it pursues you!
The gnoll hits you from afar with a +0 halberd.
You die...

......# #..#.## .....##
#...# #>...## #...## ##
#....### ####....#
...###......###......##
...................##
##..?..#....#....#
##..gg#.[.......#
##<@##.#..#....#####
.#...Bggg..#.........
.............#..#....##
.................#.##^.#
.................#.###..
........................
........................
........................
...............#.......


You could see 4 gnolls, a giant cockroach and a hobgoblin.

Vanquished Creatures
  Terence (D:2)
  2 adders (D:2)
  A ribbon worm (D:3)
  3 ball pythons
  4 endoplasms
  2 giant cockroaches
  2 goblins (D:2)
  2 hobgoblins (D:2)
  4 kobolds
  A quokka (D:2)
  2 bats (D:2)
  A frilled lizard (D:1)
  7 rats
32 creatures vanquished.

Notes
Turn   | Place    | Note
-------+----------+-------------------------------------------
     0 | D:1      | HilariousDeathArtist the Mountain Dwarf Gladiator began the
                  | quest for the Orb.
     0 | D:1      | Reached XP level 1. HP: 17/17 MP: 1/1
   218 | D:1      | Found Jaogaon's Antique Armour Shop.
   483 | D:1      | Reached skill level 3 in Fighting
   592 | D:2      | Reached XP level 2. HP: 26/26 MP: 2/2
   856 | D:2      | Reached skill level 4 in Fighting
   856 | D:2      | Reached XP level 3. HP: 23/33 MP: 3/3
  1412 | D:2      | Noticed Terence
  1426 | D:2      | HP: 7/33 [Terence/+0 flail (6)]
  1436 | D:2      | Killed Terence
  1437 | D:2      | Reached XP level 4. HP: 7/41 MP: 4/4
  2004 | D:3      | HP: 4/41 [gnoll/+0 halberd (8)]
  2005 | D:3      | Slain by a gnoll

Illustrated notes

Levels and vault maps discovered:
D:1:      lemuel_arrival_lava_pool, layout_loops_ring, serial_shops,
          nicolae_diamond_shop, grunt_decor_mini_mirrors
D:2:      layout_basic, uniq_terence
D:3:      layout_rooms, hellmonk_ghost_happy_afterlife,
          minmay_misc_feat_columns, uniq_robin

Skill      XL: |  1  2 |
---------------+-------+-----
Fighting       | 3 4 |  4.9
Staves         | |  3.2
Throwing       | |  1.5
Dodging        | |  2.1

Action                     |  1- 3 |  4- 6 || total
---------------------------+-------+-------++-------
  Melee: Quarterstaff      |    69 |    23 ||    92
  Throw: Javelin           |     1 |       ||     1
         Throwing net      |     1 |       ||     1
    Use: Potion            |     1 |       ||     1
         Scroll            |       |     3 ||     3
   Stab: Held in net/web   |     1 |       ||     1
 Armour: Leather armour    |    31 |     2 ||    33
         Chain mail        |       |    45 ||    45
  Dodge: Dodged            |    48 |    12 ||    60

Table legend: (Time is in decaauts)
 A = Elapsed time spent in this place.
 B = Non-inter-level travel time spent in this place.
 C = Inter-level travel time spent in this place.
 D = Time resting spent in this place.
 E = Time spent auto-exploring this place.
 F = Levels seen in this place.
 G = Mean time per level.
                   A        B        C        D        E       F      G
               +--------+--------+--------+--------+--------+-----+--------+
         Total |   1997 |   1914 |     83 |      0 |   1646 |   3 |  665.7 |
       Dungeon |   1997 |   1914 |     83 |      0 |   1646 |   3 |  665.7 |
               +--------+--------+--------+--------+--------+-----+--------+

Top non-repeatable levels by time:
     D:2: 1253 daAuts
     D:1: 584 daAuts
     D:3: 159 daAuts

Levels and vault maps discovered:
D:1:      lemuel_arrival_lava_pool, layout_loops_ring, serial_shops,
          nicolae_diamond_shop, grunt_decor_mini_mirrors
D:2:      layout_basic, uniq_terence
D:3:      layout_rooms, hellmonk_ghost_happy_afterlife,
          minmay_misc_feat_columns, uniq_robin

Table legend: (Time is in decaauts)
 A = Elapsed time spent in this place.
 B = Non-inter-level travel time spent in this place.
 C = Inter-level travel time spent in this place.
 D = Time resting spent in this place.
 E = Time spent auto-exploring this place.
 F = Levels seen in this place.
 G = Mean time per level.
                   A        B        C        D        E       F      G
               +--------+--------+--------+--------+--------+-----+--------+
         Total |   1997 |   1914 |     83 |      0 |   1646 |   3 |  665.7 |
       Dungeon |   1997 |   1914 |     83 |      0 |   1646 |   3 |  665.7 |
               +--------+--------+--------+--------+--------+-----+--------+

Top non-repeatable levels by time:
     D:2: 1253 daAuts
     D:1: 584 daAuts
     D:3: 159 daAuts

Table legend:
 A = Kills in this place as a percentage of kills in the entire game.
 B = Kills by you in this place as a percentage of kills by you in the entire game.
 C = Kills by friends in this place as a percentage of kills by friends in the entire game.
 D = Other kills in this place as a percentage of other kills in the entire game.
 E = Experience gained in this place as a percentage of experience gained in the entire game.
 F = Experience gained in this place divided by the number of levels of this place that you have seen.
                   A       B       C       D       E      F
               +-------+-------+-------+-------+-------+----------------------
         Total | 100.0 | 100.0 |   N/A |   N/A | 100.0 |  37.7
       Dungeon | 100.0 | 100.0 |   N/A |   N/A | 100.0 |  37.7
               +-------+-------+-------+-------+-------+----------------------
